AoeStats
← EmperorNowBack

Golden Pit

509688373Analyzed
1v1 RM · 4d ago on Sep 27, 2026· 53m 32s· 2 players
Game mode
Random Map
Map size
Tiny (2 player)
Population
200
Speed
Normal
Resources
Standard
Victory
Conquest
Starting age
Dark Age
Ending age
Imperial Age
RankedLock teamsTeams togetherTeam positionsShared explorationLock speedFull tech treeHidden civsTurbo modeCheats
Victory
Defeat
🇧🇷 Burgundians · Brazil
1579
+18
🇦🇺 Wei · Australia
1633
-18
EmperorNowBack
4:40 Double-Bit Axe
6:38 Loom
9:14 Feudal Age
10:09 Bow Saw
9:42 Horse Collar
16:31 Fletching
22:57 Castle Age
21:03 Gold Mining
21:45 Heavy Plow
22:42 Gold Shaft Mining
22:34 Scale Barding Armor
23:16 Cavalier
24:45 Wheelbarrow
24:37 Husbandry
25:19 Chain Barding Armor
30:47 Forging
32:21 Iron Casting
33:55 Stone Mining
41:34 Imperial Age
39:08 Padded Archer Armor
38:44 Light Cavalry
40:43 Bodkin Arrow
41:07 Leather Archer Armor
41:24 Masonry
42:46 Bracer
45:10 Chemistry
45:25 Conscription
45:45 Ballistics
46:10 Elite Coustillier
46:15 Paladin
47:19 Hand Cart
50:52 Elite Skirmisher
53:28 Plate Barding Armor
blep
6:42 Loom
9:13 Feudal Age
9:57 Double-Bit Axe
12:02 Fletching
17:42 Padded Archer Armor
22:10 Castle Age
20:58 Scale Barding Armor
21:19 Bloodlines
21:20 Gold Mining
22:49 Bodkin Arrow
24:11 Leather Archer Armor
25:38 Husbandry
26:22 Horse Collar
29:07 Thumb Ring
33:03 Ballistics
33:50 Bow Saw
37:00 Murder Holes
45:00 Pikeman
49:43 Imperial Age
48:42 Squires
48:49 Scale Mail Armor
51:04 Bracer
50:41 Halberdier
52:08 Town Watch
Connection lost

Rejoining the realm…

Still unreachable

The connection could not be restored.

Session expired

The server has moved on; the page needs a fresh start.